 Dungeon Crawl Stone Soup version 0.21.1-1-g345015fe64 (webtiles) character file.

241 Gargoyl the Skirmisher (level 5, -1/46 HPs)
             Began as a Centaur Abyssal Knight on May 8, 2018.
             Was a Believer of Lugonu.
             Slain by Goboxel's ghost (7 damage)
             ... on level 3 of the Dungeon.
             The game lasted 00:04:53 (3627 turns).

Gargoyl the Skirmisher (Centaur Abyssal Knight)     Turns: 3627, Time: 00:04:54

Health: -1/46      AC: 10    Str: 14    XL:     5   Next: 80%
Magic:  7/7        EV:  4    Int: 11    God:    Lugonu [**....]
Gold:   164        SH:  0    Dex: 10    Spells: 4/4 levels left

rFire    . . .     SeeInvis .   a - +1 hand axe
rCold    . . .     Gourm    .   (no shield)
rNeg     . . .     Faith    .   k - +0 chain mail
rPois    .         Spirit   .   (no helmet)
rElec    .         Reflect  .   d - +0 cloak
rCorr    .         Harm     .   j - +0 pair of gloves
MR       +....                  (no barding)
Stlth    ..........             (no amulet)
HPRegen  0.15/turn              p - ring of protection from magic
MPRegen  0.10/turn              (no ring)

@: very quick
A: large, hooves 3, deformed body, speed 2, tough skin 3
a: Depart the Abyss, Bend Space, Renounce Religion


You were on level 3 of the Dungeon.
You worshipped Lugonu.
Lugonu was pleased with you.
You were not hungry.

You visited 1 branch of the dungeon, and saw 3 of its levels.
You visited the Abyss 1 time.

You collected 164 gold pieces.

Inventory:

Hand Weapons
 a - a +1 hand axe (weapon)
Armour
 d - a +0 cloak (worn)
 j - a +0 pair of gloves (worn)
 k - a +0 chain mail (worn)
Jewellery
 p - a ring of protection from magic (left hand)
Scrolls
 e - 3 scrolls of teleportation
 l - 2 scrolls of identify
 n - a scroll of blinking
Potions
 b - a potion of agility {unknown}
 f - 2 potions of heal wounds {unknown}
 g - a potion of haste {unknown}
 i - a potion of curing {unknown}
Comestibles
 c - 8 rations
 h - 9 chunks of flesh


   Skills:
 + Level 4.0 Fighting
 + Level 3.2 Axes
 * Level 2.8 Armour
 + Level 1.0 Dodging
 * Level 3.1 Invocations


You had 4 spell levels left.
You didn't know any spells.

Dungeon Overview and Level Annotations

Branches:
Dungeon (3/15)

Altars:
Dithmenos
Fedhas
Okawaru

Annotations:
D:3 Goboxel's ghost, amateur DsGl


Innate Abilities, Weirdness & Mutations

You have hooves in place of feet.
Armour fits poorly on your strangely shaped body.
You cover ground very quickly.
You have extremely tough skin. (AC +3)


Message History

Goboxel's ghost is severely damaged.
Goboxel's ghost hits you.
* * * LOW HITPOINT WARNING * * *
You hit Goboxel's ghost but do no damage.
Your kick misses Goboxel's ghost.
Goboxel's ghost is severely damaged.
Goboxel's ghost hits you!
* * * LOW HITPOINT WARNING * * *
The jackal bites you but does no damage.
You closely miss Goboxel's ghost.
Goboxel's ghost is severely damaged.
You hit the jackal but do no damage.
The jackal bites you but does no damage.
Goboxel's ghost completely misses you.
You hit Goboxel's ghost. Your kick misses Goboxel's ghost.
Goboxel's ghost is severely damaged.
You hit the jackal.
The jackal bites you but does no damage.
Goboxel's ghost hits you!
You die...

.... #.# #.# ### .. #.# ..
..# #...# #.# ... #.#
#...# #.# #...####.# #...#
#.. #......#.# #...# #.# .
#.....h@.####...######.#
.##......W...............#
....................รท...#
#..#..................##
#..#.#..#####...#######
#.......# #...# ###.####
#...# # #.# #...#
####.###g# #...#


You could see Goboxel's ghost and a jackal.

Vanquished Creatures
  A bullfrog (D:3)
  Natasha (D:3)
  8 adders
  2 worms
  4 dart slugs
  4 leopard geckos (D:2)
  6 orcs (D:3)
  A ball python (D:2)
  6 bats
  3 giant cockroaches
  4 goblins
  6 hobgoblins
  8 jackals
  A kobold (D:1)
  2 frilled lizards
  4 rats
61 creatures vanquished.

Notes
Turn   | Place    | Note
-------+----------+-------------------------------------------
     0 | Abyss:1  | Gargoyl the Centaur Abyssal Knight began the quest for the Orb.
     0 | Abyss:1  | Reached XP level 1. HP: 19/19 MP: 2/2
    66 | Abyss:3  | Noticed a meliai
    66 | Abyss:3  | Noticed a killer bee
    66 | Abyss:3  | Noticed a meliai
    66 | Abyss:3  | Noticed a green very ugly thing
    67 | D:1      | Escaped the Abyss
   466 | D:1      | Reached XP level 2. HP: 19/26 MP: 3/3
  1066 | D:2      | Reached * piety under Lugonu
  1100 | D:1      | Reached XP level 3. HP: 17/33 MP: 4/4
  1664 | D:2      | Found a shadowy altar of Dithmenos.
  1665 | D:2      | Found a blossoming altar of Fedhas.
  2014 | D:3      | Reached XP level 4. HP: 37/40 MP: 5/5
  2421 | D:2      | Found an iron altar of Okawaru.
  2839 | D:3      | Noticed Goboxel's ghost (amateur DsGl)
  2862 | D:2      | Reached XP level 5. HP: 9/46 MP: 7/7
  3158 | D:3      | Reached skill level 4 in Fighting
  3158 | D:3      | Reached skill level 1 in Dodging
  3276 | D:3      | Noticed Natasha
  3287 | D:3      | Killed Natasha
  3287 | D:3      | Reached ** piety under Lugonu
  3627 | D:3      | Slain by Goboxel's ghost

Skill      XL: |  1  2  3  4  5 |
---------------+----------------+-----
Axes           | 2 3 |  3.2
Armour         | 2 |  2.8
Fighting       | 4 |  4.0
Dodging        | 1 |  1.0
Invocations    | 3 |  3.1

Action                   |  1- 3 |  4- 6 || total
-------------------------+-------+-------++-------
Melee: Hand axe          |    91 |   116 ||   207
       Kick              |    14 |    17 ||    31
Invok: Depart the Abyss  |     1 |       ||     1
  Use: Scroll            |     5 |     3 ||     8
  Eat: Chunk             |     2 |     2 ||     4
       Ration            |       |     1 ||     1
Armor: Leather armour    |     9 |       ||     9
       Ring mail         |    57 |     8 ||    65
       Chain mail        |       |    86 ||    86
Dodge: Dodged            |    50 |    38 ||    88
